cohdb
Replays
Latest Replays
All Replays
Popular Replays
Top Player Replays
Match Explorer
How It Works
Community
CoH3 Stats
Reddit
Sign in to upload your games and track your stats! →
Sign in with Steam
Match 41867356
Unlisted
Match 41867356
Overview
Messages
Build Orders
End
Construct Section Command Post
Selects Canadian Shock Battlegroup
Infantry Section
Infantry Section
Selects Attacking Spirit
Selects Canadian Shock Section
Canadian Shock Section
Canadian Shock Section
Construct Field Infirmary
Canadian Shock Section
Selects Incendiary Munitions
Construct Platoon Command Post
Humber Armored Car
6-pounder Anti-tank Gun Team
Selects Pyrotechnics
سَۨفُـيٰانۨوٰس
mohamedkerdaoui
Phönix
impe riunn
0
0
Comments
sign in to comment!
No comments posted yet!